 Dungeon Crawl Stone Soup version 0.31.0-9-g3a7656b989 (webtiles) character file.

Game seed: 10428254367797948579

55 Killerpretzel the Ducker (level 3, -3/16 HPs)
             Began as a Felid Air Elementalist on Feb 3, 2024.
             Slain by Terence
             ... wielding a +0 heavy mace
              (13 damage)
             ... on level 2 of the Dungeon.
             The game lasted 00:05:16 (2094 turns).

Killerpretzel the Ducker (Felid Air Elementalist)   Turns: 2094, Time: 00:05:17

Health: -3/16      AC:  1    Str:  4    XL:     3   Next: 67%
Magic:  1/7        EV: 18    Int: 20    God:
Gold:   79         SH:  0    Dex: 16    Spells: 3/6 levels left
                                        Lives:  0   Deaths: 1

rFire   . . .        (weapon unavailable)
rCold   . . .        (shield unavailable)
rNeg    . . .        (body armour unavailable)
rPois   +            (helmet unavailable)
rElec   .            (cloak unavailable)
rCorr   .            (gloves unavailable)
SInv    +            (boots unavailable)
Will    .....        (no amulet)
Stlth   ++           g - ring of poison resistance
HPRegen 0.22/turn    (no ring)
MPRegen 0.10/turn

%: no passive effects
@: no status effects
A: very small, claws 1, fangs 3, see invisible, shaggy fur 1, stealthy paws, no
weapons or thrown items, no armour, multi-lived
a: no special abilities


You were on level 2 of the Dungeon.
You visited 1 branch of the dungeon, and saw 2 of its levels.

You collected 79 gold pieces.

Inventory:

Jewellery
 g - a ring of poison resistance (left paw)
Scrolls
 e - a scroll of revelation {unknown}
 f - 2 scrolls of identify {unknown}
Potions
 a - a potion of magic
 b - a potion of curing {unknown}
 c - a potion of attraction {unknown}
 d - a potion of brilliance {unknown}


   Skills:
 + Level 3.4 Dodging
 - Level 2.6 Stealth
 + Level 2.4 Spellcasting
 + Level 1.5 Conjurations
 * Level 3.4 Air Magic


You had 3 spell levels left.
You knew the following spells:

 Your Spells              Type           Power      Damage    Failure   Level
a - Shock                 Conj/Air       48%        1d6       5%          1
b - Static Discharge      Conj/Air       24%        3-4/arc   9%          2

Your spell library contained the following spells:

 Spells                   Type           Power      Damage    Failure   Level
 Swiftness                Air            16%        N/A       11%         3
 Airstrike                Air            8%         2d(2-18)  36%         4


Dungeon Overview and Level Annotations

Branches:
Dungeon (2/15)

Altars:

Annotations:
D:2 Terence


Innate Abilities, Weirdness & Mutations

You have sharp claws.
You have razor-sharp teeth.
You have supernaturally acute eyesight. (SInv)
You are covered in fur. (AC +1)
Your paws help you pounce on unaware monsters.
You are incapable of wielding weapons or throwing items.
You cannot wear armour.
You gain extra lives every three experience levels.


Message History

You are too injured to fight recklessly!
Terence is nearby!
You are too injured to fight recklessly!
Terence is nearby!
You are too injured to fight recklessly!
Terence is nearby!
Casting: Shock (safe; 5% risk of failure)
Confirm with . or Enter, or press ? or * to list all spells.
Aiming: Shock (safe; 5% risk of failure)
Press: ? - help, Shift-Dir - straight line, f/p - Terence
Aim: Terence, wielding a +0 heavy mace and wearing a +2 chain mail of poison resistance (lightly wounded, 77% to hit)
The zap hits Terence but does no damage.
Terence is lightly wounded.
You are too injured to fight recklessly!
Terence is nearby!
You barely miss Terence.
Terence is lightly wounded.
Terence misses you.
You scratch Terence but do no damage.
Terence is lightly wounded.
Terence misses you.
You scratch Terence but do no damage. You bite Terence, but do no damage.
Terence is lightly wounded.
You scratch Terence but do no damage. You bite Terence, but do no damage.
Terence is lightly wounded.
Terence barely misses you.
You barely miss Terence.
Terence is lightly wounded.
Terence closely misses you.
You scratch Terence but do no damage.
Terence is lightly wounded.
You scratch Terence but do no damage.
Terence is lightly wounded.
Terence completely misses you.
You scratch Terence but do no damage.
Terence is lightly wounded.
Terence hits you with a +0 heavy mace!
Ouch! That really hurt!
You die...
Terence says, "That felt goooood."

#.. ..[.)$.<# ...
...###### #.. #.# #.#
#.# #.# #@# #@##### #
#######.....# #
.....[...##.# #
######...##.# #
##.....#.########## #
....................##
#
#####...##.#######...##
# #†..##.# ##.....# #
.. ........# #.......


You could see Terence.

Vanquished Creatures
  A gnoll (D:1)
  A dart slug (D:2)
  3 ball pythons
  A bat (D:1)
  5 endoplasms
  4 giant cockroaches
  2 hobgoblins (D:1)
  2 jackals (D:1)
  8 kobolds
  2 quokkas (D:1)
  5 frilled lizards (D:1)
  3 goblins
  2 rats (D:1)
39 creatures vanquished.

Notes
Turn   | Place    | Note
-------+----------+-------------------------------------------
     0 | D:1      | Killerpretzel the Felid Air Elementalist began the quest
                  | for the Orb.
     0 | D:1      | Reached XP level 1. HP: 9/9 MP: 4/4
   175 | D:1      | Reached skill level 1 in Conjurations
   363 | D:1      | Reached XP level 2. HP: 13/13 MP: 4/6
   366 | D:1      | Learned a level 2 spell: Static Discharge
   475 | D:1      | Slain by a gnoll
   475 | D:1      | Lost a life (0 lives remaining)
  1005 | D:1      | Reached XP level 3. HP: 16/16 MP: 5/7
  2076 | D:2      | Noticed Terence
  2094 | D:2      | Slain by Terence

Illustrated notes

Levels and vault maps discovered:
D:1:      elethiomel_arrival_infinity_welcomes_careful_drivers, layout_basic,
          lexackson_kobold_supper
D:2:      layout_loops_corners, nicolae_elevator_lobby_asterisk, uniq_terence,
          uniq_robin

Skill      XL: |  1  2 |
---------------+-------+-----
Conjurations   | 1 |  1.5
Dodging        | 3 |  3.4
Air Magic      | 3 |  3.4
Stealth        | |  2.6
Spellcasting   | |  2.4

Action                     || total
---------------------------++-------
  Melee: Unarmed           ||    34
         Bite              ||     3
   Cast: Shock             ||    83
         Static Discharge  ||     7
 Armour: Skin              ||    22
  Dodge: Dodged            ||    52
